[Event "Chess sin Fronteras-IM 2025"]
[Site "San Jose"]
[Date "2025.02.16"]
[Round "5.5"]
[White "Perdomo, Leandro"]
[Black "Yan, Nathan"]
[Result "1/2-1/2"]
[Annotator "RC"]
[ECO "D38"]
[WhiteElo "2364"]
[BlackElo "2152"]
[PlyCount "52"]
[EventDate "2025.02.13"]
[EventType "tourn"]
[EventCountry "USA"]
[SourceTitle "playchess.com"]
[Source "ChessBase"]
[SourceQuality "1"]
[TimeControl "5400+30"]

1. d4 Nf6 2. c4 e6 3. Nf3 d5 4. Nc3 Bb4 5. cxd5 exd5 6. Bg5 h6 7. Bxf6 Qxf6 8. Qa4+ Nc6 9. e3 O-O 10. Be2 Qd6 11. O-O Bxc3 12. bxc3 Ne7 13. Qb4 Qd8 14. c4 dxc4 15. Bxc4 c6 16. Ne5 Nf5 17. a4 Nd6 18. Ba2 a5 19. Qa3 Bf5 20. f3 Qe7 21. Nc4 Rfd8 22. e4 Be6 23. d5 cxd5 24. Nb6 Ra6 25. Nxd5 Bxd5 26. Bxd5 Rb6 1/2-1/2

[Event "Chess sin Fronteras-IM 2025"]
[Site "San Jose"]
[Date "2025.02.16"]
[Round "6.1"]
[White "Martinez Romero, Martin"]
[Black "Yan, Nathan"]
[Result "1-0"]
[Annotator "RC"]
[ECO "E49"]
[WhiteElo "2393"]
[BlackElo "2152"]
[PlyCount "69"]
[EventDate "2025.02.13"]
[EventType "tourn"]
[EventCountry "USA"]
[SourceTitle "playchess.com"]
[Source "ChessBase"]
[SourceQuality "1"]
[TimeControl "5400+30"]

1. d4 Nf6 2. c4 e6 3. Nc3 Bb4 4. e3 O-O 5. Bd3 d5 6. a3 Bxc3+ 7. bxc3 dxc4 8. Bxc4 c5 9. Ne2 Qc7 10. Bd3 Nc6 11. O-O Rd8 12. Ng3 e5 13. f4 exd4 14. cxd4 cxd4 15. e4 Ng4 16. e5 Qe7 17. h3 Ne3 18. Bxe3 dxe3 19. Qe2 g6 20. Qxe3 Qd7 21. Rad1 Qd4 22. Qxd4 Nxd4 23. Ne4 Bf5 24. Kh2 Rac8 25. Nd6 Bxd3 26. Rxd3 Nb5 27. Nxc8 Rxd3 28. Rb1 Nxa3 29. Rxb7 Rd4 30. f5 gxf5 31. Ne7+ Kf8 32. Nxf5 Rd8 33. Nd6 f5 34. Rf7+ Kg8 35. Rxf5 1-0

[Event "Chess sin Fronteras-IM 2025"]
[Site "San Jose"]
[Date "2025.02.16"]
[Round "6.2"]
[White "Paredes Lagos, Anthony Javier"]
[Black "Perdomo, Leandro"]
[Result "1/2-1/2"]
[Annotator "ChessBase"]
[ECO "C78"]
[WhiteElo "2338"]
[BlackElo "2364"]
[PlyCount "43"]
[EventDate "2025.02.13"]
[EventType "tourn"]
[EventCountry "USA"]
[SourceTitle "playchess.com"]
[Source "ChessBase"]
[SourceQuality "1"]
[TimeControl "5400+30"]

1. e4 e5 2. Nf3 Nc6 3. Bb5 a6 4. Ba4 Nf6 5. O-O b5 6. Bb3 Bc5 7. c3 d6 8. d4 Bb6 9. dxe5 Nxe5 10. Nxe5 dxe5 11. Qxd8+ Kxd8 12. Bxf7 Rf8 13. Bd5 Nxd5 14. exd5 Bb7 15. Bg5+ Kd7 16. Nd2 h6 17. Be3 Bxe3 18. fxe3 Bxd5 19. e4 Bc6 20. Rxf8 Rxf8 21. Rf1 Rxf1+ 22. Kxf1 1/2-1/2

[Event "Chess sin Fronteras-IM 2025"]
[Site "San Jose"]
[Date "2025.02.16"]
[Round "6.4"]
[White "Deng, Henry"]
[Black "Liu, Patrick"]
[Result "1/2-1/2"]
[Annotator "RC"]
[ECO "B30"]
[WhiteElo "2321"]
[BlackElo "2159"]
[PlyCount "62"]
[EventDate "2025.02.13"]
[EventType "tourn"]
[EventCountry "USA"]
[SourceTitle "playchess.com"]
[Source "ChessBase"]
[SourceQuality "1"]
[TimeControl "5400+30"]

1. e4 c5 2. Nc3 Nc6 3. Bb5 Nd4 4. Nf3 e6 5. O-O a6 6. Bd3 Nc6 7. e5 d5 8. exd6 Bxd6 9. Ne4 Be7 10. Re1 Nf6 11. Nxf6+ Bxf6 12. Be4 Qd6 13. d3 h6 14. a4 O-O 15. Nd2 Na5 16. g3 g6 17. Bg2 Bg7 18. Nc4 Nxc4 19. dxc4 Qc7 20. Qe2 e5 21. Bd5 a5 22. b3 Kh7 23. Bb2 Re8 24. Rad1 f5 25. Bg2 Ra6 26. Rd5 Rae6 27. Red1 b6 28. Qd2 Bf6 29. Rd6 Kg7 30. f4 e4 31. Bxf6+ Kxf6 1/2-1/2

[Event "Chess sin Fronteras-IM 2025"]
[Site "San Jose"]
[Date "2025.02.16"]
[Round "6.5"]
[White "Sivakumar, Shaaketh"]
[Black "Sivakumar, Shaashwath"]
[Result "1/2-1/2"]
[Annotator "RC"]
[ECO "D23"]
[WhiteElo "2289"]
[BlackElo "2273"]
[PlyCount "150"]
[EventDate "2025.02.13"]
[EventType "tourn"]
[EventCountry "USA"]
[SourceTitle "playchess.com"]
[Source "ChessBase"]
[SourceQuality "1"]
[TimeControl "5400+30"]

1. Nf3 d5 2. d4 Nf6 3. c4 c6 4. Qc2 dxc4 5. Qxc4 Bg4 6. Nbd2 e6 7. g3 Be7 8. Bg2 Nbd7 9. O-O O-O 10. Qb3 Nb6 11. e3 a5 12. Nc4 Nxc4 13. Qxc4 Qd5 14. Qxd5 exd5 15. Ne5 Bf5 16. Bd2 Ne4 17. Bxe4 dxe4 18. a4 Be6 19. Rfc1 Ra6 20. Nc4 Rfa8 21. Kg2 Bd5 22. Rc2 f6 23. Rac1 Kf7 24. Rb1 Ke6 25. Be1 g5 26. g4 Kf7 27. Nd2 Kg6 28. Nf1 h5 29. gxh5+ Kxh5 30. b4 axb4 31. Bxb4 Bxb4 32. Rxb4 R8a7 33. Rcb2 Rxa4 34. Rxa4 Rxa4 35. Rxb7 Ra2 36. Rd7 Kg6 37. Ng3 Rb2 38. Rd6 Rc2 39. Rd8 Ra2 40. h3 Rb2 41. Rd7 Ra2 42. Rd8 Rb2 43. Rd6 Ra2 44. Nf1 Kf7 45. Rd7+ Kg6 46. Ng3 Rb2 47. Rd8 Ra2 48. Rd7 Rb2 49. Rd6 Ra2 50. Nf1 Kf7 51. Rd8 f5 52. h4 f4 53. hxg5 Kg6 54. exf4 e3+ 55. Rxd5 Rxf2+ 56. Kg3 cxd5 57. Nxe3 Rd2 58. Nxd5 Rxd4 59. Ne7+ Kh5 60. Kf3 Rd7 61. Ng8 Rd3+ 62. Ke4 Ra3 63. Nf6+ Kg6 64. Nd5 Ra1 65. Ne7+ Kf7 66. Nc6 Ra6 67. Ne5+ Ke6 68. f5+ Ke7 69. Ng6+ Rxg6 70. fxg6 Kf8 71. Ke5 Kg8 72. Ke6 Kg7 73. Kf5 Kg8 74. Kg4 Kf8 75. Kh4 Kg8 1/2-1/2

[Event "Chess sin Fronteras-IM 2025"]
[Site "San Jose"]
[Date "2025.02.17"]
[Round "7.1"]
[White "Sivakumar, Shaashwath"]
[Black "Martinez Romero, Martin"]
[Result "1/2-1/2"]
[Annotator "RC"]
[ECO "E63"]
[WhiteElo "2273"]
[BlackElo "2393"]
[PlyCount "116"]
[EventDate "2025.02.13"]
[EventType "tourn"]
[EventCountry "USA"]
[SourceTitle "playchess.com"]
[Source "ChessBase"]
[SourceQuality "1"]
[TimeControl "5400+30"]

1. d4 Nf6 2. c4 g6 3. g3 Bg7 4. Bg2 O-O 5. Nc3 d6 6. Nf3 Nc6 7. O-O a6 8. d5 Na5 9. b3 Rb8 10. Bd2 c5 11. a4 e6 12. dxe6 fxe6 13. Qc2 Nc6 14. Rad1 Nb4 15. Qc1 Qc7 16. Ng5 Ne8 17. Bf4 e5 18. Be3 Bf5 19. Nge4 Rd8 20. Qd2 Nf6 21. Bg5 Rd7 22. Bxf6 Bxf6 23. Nd5 Nxd5 24. Qxd5+ Kg7 25. Qd2 Bxe4 26. Bxe4 a5 27. Qe3 b6 28. Rd5 Rdd8 29. Kg2 Qf7 30. Rdd1 Be7 31. Rd3 Qe6 32. h3 Rf6 33. Qd2 Rdf8 34. Rf3 Rxf3 35. exf3 Qf7 36. Rg1 Qe6 37. Rh1 Qf7 38. Qd3 Qe6 39. h4 h5 40. Kf1 Rf6 41. Ke2 Rf8 42. Kd1 Rf6 43. Kc2 Rf8 44. Kc3 Kh6 45. Qd5 Qxd5 46. cxd5 c4 47. b4 axb4+ 48. Kxb4 g5 49. hxg5+ Bxg5 50. Kxc4 Rc8+ 51. Kb5 Bd8 52. Ra1 Rc5+ 53. Ka6 Ra5+ 54. Kb7 b5 55. Kc6 bxa4 56. Kxd6 a3 57. Kc6 Be7 58. Ra2 Kg5 1/2-1/2

[Event "Chess sin Fronteras-IM 2025"]
[Site "San Jose"]
[Date "2025.02.17"]
[Round "7.2"]
[White "Liu, Patrick"]
[Black "Sivakumar, Shaaketh"]
[Result "1/2-1/2"]
[Annotator "RC"]
[ECO "B12"]
[WhiteElo "2159"]
[BlackElo "2289"]
[PlyCount "101"]
[EventDate "2025.02.13"]
[EventType "tourn"]
[EventCountry "USA"]
[SourceTitle "playchess.com"]
[Source "ChessBase"]
[SourceQuality "1"]
[TimeControl "5400+30"]

1. e4 c6 2. d4 d5 3. e5 Bf5 4. Nd2 e6 5. Nb3 Nd7 6. Nf3 Ne7 7. Be2 Bg4 8. h3 Bxf3 9. Bxf3 Ng6 10. Be2 Be7 11. O-O O-O 12. Be3 Rc8 13. g3 c5 14. c3 cxd4 15. cxd4 Nb6 16. Nd2 Bb4 17. b3 Ne7 18. Bd3 Nc6 19. Nf3 f5 20. a3 Be7 21. h4 Qd7 22. Ng5 Nd8 23. Kg2 a5 24. a4 Bb4 25. Rh1 Nf7 26. Nh3 Rc3 27. Nf4 Qe7 28. Kh3 Rfc8 29. Rg1 Kh8 30. Ne2 R3c7 31. g4 fxg4+ 32. Rxg4 Nd7 33. Qg1 Nfxe5 34. dxe5 Nxe5 35. Bg5 Qd7 36. Bb5 Nc6 37. h5 Qf7 38. h6 e5 39. hxg7+ Kg8 40. Qg3 Qe6 41. Kh2 Rxg7 42. Rg1 h5 43. Rh4 Bd6 44. Rxh5 e4 45. Nf4 Qf5 46. Bxc6 Rxc6 47. Qh4 Be5 48. Kh1 Rcg6 49. Kh2 Rc6 50. Rh8+ Kf7 51. Rh5 1/2-1/2

[Event "Chess sin Fronteras-IM 2025"]
[Site "San Jose"]
[Date "2025.02.17"]
[Round "7.3"]
[White "Jimenez Garcia, Emmanuel"]
[Black "Deng, Henry"]
[Result "1/2-1/2"]
[Annotator "RC"]
[ECO "B21"]
[WhiteElo "2364"]
[BlackElo "2321"]
[PlyCount "59"]
[EventDate "2025.02.13"]
[EventType "tourn"]
[EventCountry "USA"]
[SourceTitle "playchess.com"]
[Source "ChessBase"]
[SourceQuality "1"]
[TimeControl "5400+30"]

1. e4 c5 2. Be2 Nc6 3. f4 e6 4. Nf3 d5 5. d3 dxe4 6. dxe4 Qxd1+ 7. Bxd1 Nf6 8. e5 Nd5 9. c4 Ndb4 10. Nc3 Be7 11. Ke2 O-O 12. a3 Na6 13. Ba4 Bd7 14. Rd1 Rfd8 15. Nb5 Be8 16. Be3 f6 17. g4 Rac8 18. Bc2 Nc7 19. Rxd8 Nxd8 20. a4 Nc6 21. Rd1 Na6 22. Be4 Nab4 23. exf6 gxf6 24. Nd6 Bxd6 25. Rxd6 b6 26. Rxe6 Bf7 27. Rxf6 Bxc4+ 28. Kf2 Bd3 29. Rxc6 Kh8 30. Re6 1/2-1/2

[Event "Chess sin Fronteras-IM 2025"]
[Site "San Jose"]
[Date "2025.02.17"]
[Round "7.5"]
[White "Yan, Nathan"]
[Black "Paredes Lagos, Anthony Javier"]
[Result "1-0"]
[Annotator "RC"]
[ECO "B06"]
[WhiteElo "2152"]
[BlackElo "2338"]
[PlyCount "84"]
[EventDate "2025.02.13"]
[EventType "tourn"]
[EventCountry "USA"]
[SourceTitle "playchess.com"]
[Source "ChessBase"]
[SourceQuality "1"]
[TimeControl "5400+30"]

1. e4 g6 2. d4 c6 3. Nc3 Bg7 4. Be3 b5 5. Qd2 d6 6. h4 h5 7. Nf3 Nd7 8. Ng5 Ngf6 9. f3 Bb7 10. O-O-O Qc7 11. Kb1 a6 12. Ne2 c5 13. d5 Nb6 14. Nf4 Bc8 15. Qf2 Nc4 16. Bxc4 bxc4 17. Bd2 Rb8 18. Bc3 Ng4 19. Qd2 Ne5 20. g4 Rb5 21. gxh5 gxh5 22. Ne2 f6 23. f4 Ng4 24. Nh3 Qb6 25. a4 Kf7 26. axb5 axb5 27. b4 cxb3 28. cxb3 b4 29. Bb2 Ba6 30. Nc1 c4 31. Qd4 Qa5 32. Ng5+ Kg6 33. f5+ Kh6 34. Nf7+ Kh7 35. Nxh8 c3 36. Ng6 Qc7 37. Bxc3 bxc3 38. Kc2 Bh6 39. Qxc3 Qb6 40. Kb1 Be3 41. Qc6 Qb8 42. Qxa6 Bxc1 1-0

[Event "Chess sin Fronteras-IM 2025"]
[Site "San Jose"]
[Date "2025.02.17"]
[Round "8.1"]
[White "Martinez Romero, Martin"]
[Black "Paredes Lagos, Anthony Javier"]
[Result "1/2-1/2"]
[Annotator "ChessBase"]
[ECO "C67"]
[WhiteElo "2393"]
[BlackElo "2338"]
[PlyCount "43"]
[EventDate "2025.02.13"]
[EventType "tourn"]
[EventCountry "USA"]
[SourceTitle "playchess.com"]
[Source "ChessBase"]
[SourceQuality "1"]
[TimeControl "5400+30"]

1. e4 e5 2. Nf3 Nc6 3. Bb5 Nf6 4. O-O Nxe4 5. d4 Nd6 6. dxe5 Nxb5 7. a4 Nbd4 8. Nxd4 d6 9. Nxc6 bxc6 10. exd6 Qxd6 11. Qxd6 cxd6 12. Re1+ Be7 13. Bf4 Be6 14. Nc3 O-O 15. Rad1 Rfd8 16. Ne4 d5 17. Ng5 Bxg5 18. Bxg5 Rdb8 19. b3 Re8 20. h3 Bf5 21. Rxe8+ Rxe8 22. Rd2 1/2-1/2

[Event "Chess sin Fronteras-IM 2025"]
[Site "San Jose"]
[Date "2025.02.17"]
[Round "8.3"]
[White "Deng, Henry"]
[Black "Perdomo, Leandro"]
[Result "1/2-1/2"]
[Annotator "RC"]
[ECO "C56"]
[WhiteElo "2321"]
[BlackElo "2364"]
[PlyCount "43"]
[EventDate "2025.02.13"]
[EventType "tourn"]
[EventCountry "USA"]
[SourceTitle "playchess.com"]
[Source "ChessBase"]
[SourceQuality "1"]
[TimeControl "5400+30"]

1. e4 e5 2. Nf3 Nc6 3. Bc4 Nf6 4. d4 exd4 5. e5 d5 6. Bb5 Ne4 7. Nxd4 Bc5 8. Be3 O-O 9. Nxc6 bxc6 10. Bxc5 Nxc5 11. Bxc6 Rb8 12. Qxd5 Qe7 13. O-O Rxb2 14. Nc3 Rxc2 15. Qd4 Ne6 16. Qd3 Rb2 17. Nd5 Qc5 18. Rac1 Qd4 19. Qa3 Rd2 20. Qa5 Qb2 21. Rb1 Qxa2 22. Qa4 1/2-1/2

[Event "Chess sin Fronteras-IM 2025"]
[Site "San Jose"]
[Date "2025.02.17"]
[Round "8.4"]
[White "Sivakumar, Shaaketh"]
[Black "Jimenez Garcia, Emmanuel"]
[Result "1/2-1/2"]
[Annotator "RC"]
[ECO "B53"]
[WhiteElo "2289"]
[BlackElo "2364"]
[PlyCount "66"]
[EventDate "2025.02.13"]
[EventType "tourn"]
[EventCountry "USA"]
[SourceTitle "playchess.com"]
[Source "ChessBase"]
[SourceQuality "1"]
[TimeControl "5400+30"]

1. e4 c5 2. Nf3 d6 3. d4 cxd4 4. Qxd4 Nc6 5. Bb5 a6 6. Bxc6+ bxc6 7. O-O e5 8. Qe3 Nf6 9. Rd1 Qc7 10. c4 Be7 11. b3 O-O 12. Bb2 Ng4 13. Qe2 f5 14. Nbd2 c5 15. exf5 Bxf5 16. Ne4 Nf6 17. Nfd2 Qb7 18. Nc3 Rae8 19. Nf1 Bg6 20. Ng3 h5 21. Re1 e4 22. Qd2 h4 23. Nge2 Ng4 24. Rf1 h3 25. Qd5+ Qxd5 26. Nxd5 hxg2 27. Kxg2 Bd8 28. Ng3 Rf3 29. Rae1 Ref8 30. Nxe4 Bh4 31. Re2 Bh5 32. h3 Nh6 33. Nxd6 Rxh3 1/2-1/2

[Event "Chess sin Fronteras-IM 2025"]
[Site "San Jose"]
[Date "2025.02.17"]
[Round "8.5"]
[White "Sivakumar, Shaashwath"]
[Black "Liu, Patrick"]
[Result "1/2-1/2"]
[Annotator "RC"]
[ECO "E11"]
[WhiteElo "2273"]
[BlackElo "2159"]
[PlyCount "89"]
[EventDate "2025.02.13"]
[EventType "tourn"]
[EventCountry "USA"]
[SourceTitle "playchess.com"]
[Source "ChessBase"]
[SourceQuality "1"]
[TimeControl "5400+30"]

1. d4 Nf6 2. c4 e6 3. g3 d5 4. Nf3 Bb4+ 5. Bd2 Be7 6. Bg2 O-O 7. O-O c6 8. Qc2 Nbd7 9. Bf4 h6 10. Rd1 a5 11. Nbd2 Nh5 12. Be3 f5 13. Ne5 Bd6 14. Ndf3 Qf6 15. Bd2 Nxe5 16. dxe5 Bxe5 17. Nxe5 Qxe5 18. Bf3 f4 19. Qg6 Nf6 20. Bxf4 Qxb2 21. Bxh6 Ne8 22. Bg5 Qe5 23. Rab1 Qf5 24. Qxf5 Rxf5 25. h4 Nd6 26. cxd5 exd5 27. Bf4 Rf6 28. Rb6 a4 29. Bxd5+ cxd5 30. Rxd6 Rxd6 31. Bxd6 Be6 32. Rb1 d4 33. a3 Bb3 34. Rc1 Rd8 35. Be5 d3 36. exd3 Rxd3 37. Rc8+ Kf7 38. Rc7+ Ke6 39. Bxg7 Bd5 40. Kh2 Rxa3 41. g4 Rf3 42. h5 Rxf2+ 43. Kg3 Rf7 44. Rd7 Re7 45. Rxe7+ 1/2-1/2

[Event "Chess sin Fronteras-IM 2025"]
[Site "San Jose"]
[Date "2025.02.18"]
[Round "9.1"]
[White "Liu, Patrick"]
[Black "Martinez Romero, Martin"]
[Result "1-0"]
[Annotator "RC"]
[ECO "B81"]
[WhiteElo "2159"]
[BlackElo "2393"]
[PlyCount "87"]
[EventDate "2025.02.13"]
[EventType "tourn"]
[EventCountry "USA"]
[SourceTitle "playchess.com"]
[Source "ChessBase"]
[SourceQuality "1"]
[TimeControl "5400+30"]

1. e4 c5 2. Nf3 e6 3. d4 cxd4 4. Nxd4 Nf6 5. Nc3 d6 6. Be3 Be7 7. g4 h5 8. f3 hxg4 9. fxg4 Nc6 10. g5 Nh5 11. Rg1 g6 12. Qd2 a6 13. O-O-O Ne5 14. Be2 b5 15. Nf3 Bb7 16. a3 Qc7 17. Bd4 Rc8 18. Kb1 O-O 19. Ne1 Nc4 20. Bxc4 Qxc4 21. e5 dxe5 22. Bxe5 Rfd8 23. Nd3 a5 24. Qe2 b4 25. Rg4 Qa6 26. Rh4 Ng7 27. Qe3 Bg2 28. Rg1 Qb7 29. Ne4 Qb5 30. Bxg7 Kxg7 31. Rxg2 bxa3 32. Qh3 Rh8 33. Nf6 Rxh4 34. Qxh4 Rh8 35. Qd4 e5 36. Qxe5 Qxe5 37. Nxe5 Bxf6 38. gxf6+ Kxf6 39. Ng4+ Ke6 40. bxa3 f5 41. Ne3 Kf6 42. Nd5+ Ke5 43. Ne7 Rh3 44. Nxg6+ 1-0

[Event "Chess sin Fronteras-IM 2025"]
[Site "San Jose"]
[Date "2025.02.18"]
[Round "9.2"]
[White "Jimenez Garcia, Emmanuel"]
[Black "Sivakumar, Shaashwath"]
[Result "1/2-1/2"]
[Annotator "RC"]
[ECO "A07"]
[WhiteElo "2364"]
[BlackElo "2273"]
[PlyCount "119"]
[EventDate "2025.02.13"]
[EventType "tourn"]
[EventCountry "USA"]
[SourceTitle "playchess.com"]
[Source "ChessBase"]
[SourceQuality "1"]
[TimeControl "5400+30"]

1. Nf3 d5 2. g3 Bg4 3. Bg2 e6 4. h3 Bh5 5. c4 c6 6. Qb3 Qb6 7. d3 Nd7 8. Be3 Bc5 9. Bxc5 Nxc5 10. Qc3 Nf6 11. Nbd2 a5 12. O-O O-O 13. Rfc1 Ncd7 14. a3 Rfe8 15. b4 a4 16. b5 c5 17. e3 Qd6 18. d4 Rec8 19. Ne5 Bg6 20. cxd5 Nxd5 21. Qb2 cxd4 22. Ndc4 Qe7 23. Nxd7 Qxd7 24. e4 Nc3 25. Nb6 Qd6 26. Nxa8 Rxa8 27. Rxc3 dxc3 28. Qxc3 f6 29. e5 Qxe5 30. Qxe5 fxe5 31. Bxb7 Rb8 32. Bc6 Bd3 33. b6 Rxb6 34. Bxa4 Kf7 35. Bd1 Rb1 36. Rxb1 Bxb1 37. Kf1 Ke7 38. Ke2 Kd6 39. Ke3 Ba2 40. Bc2 h6 41. Bg6 Bd5 42. h4 Bc6 43. Bc2 Kc5 44. Bb3 Bd5 45. Ba4 Kc4 46. h5 Kc5 47. Be8 Kd6 48. a4 Kc5 49. a5 Bb7 50. Bd7 Kb4 51. a6 Bxa6 52. Ke4 Be2 53. Be8 Kc3 54. Kxe5 Kd2 55. Kf4 Bd1 56. g4 Kd3 57. Bd7 Ke2 58. f3 Kf2 59. Bxe6 Bxf3 60. Bf5 1/2-1/2

[Event "Chess sin Fronteras-IM 2025"]
[Site "San Jose"]
[Date "2025.02.18"]
[Round "9.3"]
[White "Perdomo, Leandro"]
[Black "Sivakumar, Shaaketh"]
[Result "1/2-1/2"]
[Annotator "ChessBase"]
[ECO "E21"]
[WhiteElo "2364"]
[BlackElo "2289"]
[PlyCount "40"]
[EventDate "2025.02.13"]
[EventType "tourn"]
[EventCountry "USA"]
[SourceTitle "playchess.com"]
[Source "ChessBase"]
[SourceQuality "1"]
[TimeControl "5400+30"]

1. d4 Nf6 2. c4 e6 3. Nf3 Bb4+ 4. Nc3 O-O 5. g3 b6 6. Bg2 Bb7 7. O-O Bxc3 8. bxc3 d6 9. Re1 Nbd7 10. Nh4 Bxg2 11. Nxg2 c5 12. e4 Qc7 13. Qd3 Rac8 14. Ne3 Rfe8 15. f3 cxd4 16. cxd4 e5 17. Bb2 exd4 18. Bxd4 Ne5 19. Bxe5 dxe5 20. Red1 Red8 1/2-1/2